 Dungeon Crawl Stone Soup version 0.26-a0-597-gb535b0901c (webtiles) character file.

Game seed: 16747076171663390043

142 Alarkh the Ruffian (level 5, -5/38 HPs)
             Began as a Demonspawn Gladiator on Sept 10, 2020.
             Slain by a gnoll
             ... wielding a +1 spear of distortion
              (8 damage)
             ... on level 3 of the Dungeon.
             The game lasted 00:02:50 (2472 turns).

Alarkh the Ruffian (Demonspawn Gladiator)           Turns: 2472, Time: 00:02:51

Health: -5/38      AC:  4    Str: 15    XL:     5   Next: 4%
Magic:  5/5        EV: 12    Int: 16    God:
Gold:   94         SH:  0    Dex: 14    Spells: 4/4 levels left

rFire    . . .     SeeInvis .     - Unarmed
rCold    . . .     Faith    .   (no shield)
rNeg     . . .     Spirit   .   a - +0 leather armour
rPois    .         Reflect  .   (helmet restricted)
rElec    .         Harm     .   (no cloak)
rCorr    .                      (no gloves)
MR       .....                  d - +0 pair of boots
Stlth    +.........             (no amulet)
HPRegen  0.12/turn              i - +6 ring of intelligence
MPRegen  0.09/turn              n - ring of wizardry

@: hasted, very quick
A: antennae 2, powered by death 1
a: no special abilities


You were on level 3 of the Dungeon.
You visited 1 branch of the dungeon, and saw 3 of its levels.

You collected 94 gold pieces.

Inventory:

Missiles
 c - 3 throwing nets (quivered)
Armour
 a - a +0 leather armour (worn)
 b - a +0 helmet
 d - a +0 pair of boots (worn)
Jewellery
 i - a +6 ring of intelligence (left hand)
 n - a ring of wizardry (right hand)
 q - an uncursed ring of poison resistance {unknown}
Wands
 o - a wand of flame (20)
Scrolls
 e - a scroll of remove curse
 g - a scroll of enchant weapon {unknown}
 j - a scroll of fog {unknown}
 k - a scroll of enchant armour {unknown}
 p - 2 scrolls of teleportation {unknown}
 r - a scroll of identify
 s - a scroll of blinking {unknown}
Potions
 f - a potion of mutation
 l - a potion of might


   Skills:
 - Level 2.0 Fighting
 - Level 1.7 Throwing
 - Level 2.6 Dodging
 + Level 5.2 Unarmed Combat


You had 4 spell levels left.
You didn't know any spells.
Your spell library was empty.

Dungeon Overview and Level Annotations

Branches:
Dungeon (3/15)

Altars:


Innate Abilities, Weirdness & Mutations

You have a pair of antennae on your head.
You regenerate a little health from kills.


Message History

* * * LOW HITPOINT WARNING * * *
You closely miss the adder.
The adder is almost dead.
The adder bites you but does no damage.
You hit the adder.
You kill the adder!
You have reached level 5!
Your demonic ancestry asserts itself...
The antennae on your head grow some more.
You hit the gnoll.
The gnoll is moderately wounded.
You hit the gnoll.
The gnoll is severely wounded.
The gnoll barely misses you. The gnoll hits you but does no damage.
Space bends around you.
* * * LOW HITPOINT WARNING * * *
You hit the gnoll but do no damage.
The gnoll is severely wounded.
The gnoll hits you from afar with a +1 spear of distortion!
You die...

....# ...... ....# ##...... #..#
.. ........ ##..#### ....
#....... .......##....
######K....$. #.###........
#....#....... ....<..#.##..#
#.##.#ggK....
...#.........########.##g#{.g....
##.#.....#...##.@ggK..##gK.#####.
.........#...##.############
...#<..#)#....#.#
#####†...#..#.#.#
.......#.#..#.#.####
.....().÷..........+
.......#...##...####
.......#.......#....
.......#.#.#...#....


You could see 2 gnolls and a kobold.

Vanquished Creatures
  A gnoll (D:3)
  6 adders
  An ooze (D:1)
  4 worms (D:2)
  A dart slug (D:2)
  2 leopard geckos
  8 bats
  2 giant cockroaches (D:2)
  7 goblins
  6 hobgoblins
  11 jackals
  2 kobolds
  A quokka (D:2)
  2 frilled lizards (D:3)
  4 rats
58 creatures vanquished.

Notes
Turn   | Place    | Note
-------+----------+-------------------------------------------
     0 | D:1      | Alarkh the Demonspawn Gladiator began the quest for the
                  | Orb.
     0 | D:1      | Reached XP level 1. HP: 16/16 MP: 1/1
    34 | D:1      | Reached skill level 3 in Unarmed Combat
    77 | D:1      | Gained mutation: You regenerate a little health from kills.
                  | [demonic ancestry]
    77 | D:1      | Reached XP level 2. HP: 21/22 MP: 2/2
   744 | D:2      | Gained mutation: You have a pair of small antennae on your
                  | head. [demonic ancestry]
   744 | D:2      | Reached XP level 3. HP: 18/27 MP: 3/3
   823 | D:2      | Reached skill level 4 in Unarmed Combat
  1446 | D:2      | Reached XP level 4. HP: 29/33 MP: 4/4
  2114 | D:2      | Reached skill level 5 in Unarmed Combat
  2469 | D:3      | Gained mutation: You have a pair of antennae on your head.
                  | [demonic ancestry]
  2469 | D:3      | Reached XP level 5. HP: 6/38 MP: 5/5
  2472 | D:3      | Slain by a gnoll

Illustrated notes

Levels and vault maps discovered:
D:1:      denvon_arrival_planthouse, layout_basic
D:2:      layout_loops_cross
D:3:      layout_basic

Skill      XL: |  1  2  3  4 |
---------------+-------------+-----
Unarmed Combat | 3 4 5 |  5.2
Fighting       | |  2.0
Throwing       | |  1.7
Dodging        | |  2.6

Action                   |  1- 3 |  4- 6 || total
-------------------------+-------+-------++-------
Melee: Unarmed           |   176 |    97 ||   273
       Punch             |     3 |       ||     3
  Use: Scroll            |     5 |       ||     5
       Potion            |     1 |     4 ||     5
Armor: Leather armour    |    60 |    31 ||    91
       Skin              |     2 |       ||     2
Dodge: Dodged            |   114 |    72 ||   186

Table legend: (Time is in decaauts)
 A = Elapsed time spent in this place.
 B = Non-inter-level travel time spent in this place.
 C = Inter-level travel time spent in this place.
 D = Time resting spent in this place.
 E = Time spent auto-exploring this place.
 F = Levels seen in this place.
 G = Mean time per level.
                   A        B        C        D        E       F      G
               +--------+--------+--------+--------+--------+-----+--------+
         Total |   2445 |   2383 |     62 |    801 |   1114 |   3 |  815.0 |
       Dungeon |   2445 |   2383 |     62 |    801 |   1114 |   3 |  815.0 |
               +--------+--------+--------+--------+--------+-----+--------+

Top non-repeatable levels by time:
     D:2: 1613 daAuts
     D:1: 664 daAuts
     D:3: 167 daAuts
